 Dungeon Crawl Stone Soup version 0.25-a0-699-g25a338df49 (webtiles) character file.

Game seed: 4180271055218839903, levelgen mode: deterministic

1008 Conn the Covert (level 8, -4/59 HPs)
             Began as an Octopode Assassin on Apr 2, 2020.
             Slain by a water moccasin (10 damage)
             ... on level 5 of the Dungeon.
             The game lasted 00:11:05 (3438 turns).

Conn the Covert (Octopode Assassin)                 Turns: 3438, Time: 00:11:07

Health: -4/59      AC:  1    Str: 13    XL:     8   Next: 20%
Magic:  8/8        EV: 15    Int: 13    God:
Gold:   156        SH:  0    Dex: 15    Spells: 7/7 levels left

rFire    . . .     SeeInvis .   u - +2 short sword (protect)
rCold    + . .     Gourm    .   (no shield)
rNeg     . . .     Faith    .   (helmet restricted)
rPois    .         Spirit   .   l - +4 amulet of reflection
rElec    .         Reflect  +   g - ring of protection from cold
rCorr    .         Harm     .   (no ring)
MR       .....                  (no ring)
Stlth    +++.......             (no ring)
HPRegen  0.19/turn              (no ring)
MPRegen  0.11/turn              (no ring)
                                (no ring)
                                (no ring)

@: confused, lethally poisoned (-4 -> -23), flying
A: almost no armour, stealthy swim, amphibious, 8 rings, constrict 8, camouflage
1, agile 1, robust 1, gelatinous body 1
a: no special abilities


You were on level 5 of the Dungeon.
You were not hungry.

You visited 1 branch of the dungeon, and saw 5 of its levels.

You collected 156 gold pieces.

Inventory:

Hand Weapons
 a - a +2 dagger
 u - a +2 short sword of protection (weapon)
 w - a +1 vorpal spear
 B - a +2 dagger of holy wrath
Missiles
 b - 8 poisoned darts
 c - 2 curare-tipped darts (quivered)
 o - a throwing net
 s - 54 sling bullets
Armour
 r - a +0 kite shield
Jewellery
 g - a ring of protection from cold (left tentacle)
 l - a +4 amulet of reflection (around mantle)
Wands
 y - a wand of random effects (17)
Scrolls
 e - 7 scrolls of identify {unknown}
 i - a scroll of amnesia {unknown}
 j - a scroll of enchant armour {unknown}
 k - a scroll of random uselessness {unknown}
 n - 5 scrolls of remove curse {unknown}
 v - a scroll of fear {unknown}
 A - a scroll of teleportation {unknown}
Potions
 h - a potion of stabbing
 t - a potion of heal wounds
 z - a potion of berserk rage {unknown}
Comestibles
 d - 8 rations
 x - 14 chunks of flesh


   Skills:
 * Level 4.1 Fighting
 + Level 4.7 Short Blades
 + Level 2.9 Throwing
 + Level 3.4 Dodging
 + Level 8.4 Stealth
 * Level 3.5 Shields


You had 7 spell levels left.
You didn't know any spells.
Your spell library was empty.

Dungeon Overview and Level Annotations

Branches:
Dungeon (5/15)
 Temple: D:4-7

Altars:
Vehumet

Shops:
D:4 *


Innate Abilities, Weirdness & Mutations

You cannot wear most types of armour.
You are very stealthy in the water. (Stealth+)
You are amphibious.
You can wear up to eight rings at the same time.
You can use your tentacles to constrict eight enemies at once.
Your skin changes colour to match your surroundings (Stealth+).
Your rubbery body absorbs attacks. (AC +1, EV +1)
You are agile. (Dex +2)
You are robust. (+10% HP)


Message History

You feel very buoyant.
You fly up into the air.
* * * LOW HITPOINT WARNING * * *
You feel sick. The water moccasin closely misses you.
The water moccasin bites you.
* * * LOW HITPOINT WARNING * * *
It was a potion of ambrosia.
You are confused.
You feel invigorated.
* * * LOW HITPOINT WARNING * * *
You feel sick. The water moccasin closely misses you.
The water moccasin barely misses you. x2; The water moccasin bites you.
* * * LOW HITPOINT WARNING * * *
You barely miss the water moccasin.
The water moccasin is moderately wounded.
* * * LOW HITPOINT WARNING * * *
You feel sick. The water moccasin bites you!
* * * LOW HITPOINT WARNING * * *
The water moccasin bites you!
You die...

#.# #..# #.##.#...# #.##.#
#.###..# #.##.##########.##.#
._..+..#######.##...............#
#####..........#############.####
### #...................# #.....
#####.#################.# #####.
............# #.# #.
.##.#######.###########.# #.
.##.# #....S@S......# #. ....#
############### ## .#### ##


You could see 2 water moccasins.

Vanquished Creatures
  Sigmund (D:4)
  Menkaure (D:4)
  A water moccasin (D:4)
  A sky beast (D:5)
  A phantom (D:5)
  A crimson imp (D:5)
  4 hounds
  A bullfrog skeleton (D:5)
  2 orc priests (D:4)
  3 worker ants (D:4)
  A hound skeleton (D:5)
  A worker ant zombie (D:5)
  4 gnolls (D:5)
  2 adders (D:4)
  An ooze (D:5)
  An adder zombie (D:5)
  2 worms
  3 dart slugs (D:1)
  2 leopard geckos
  12 orcs
  3 giant cockroaches
  3 goblins
  2 jackals (D:1)
  3 kobolds
  2 quokkas
  4 ball pythons (D:1)
  5 bats
  3 frilled lizards
  A quokka skeleton (D:5)
71 creatures vanquished.

Notes
Turn   | Place    | Note
-------+----------+-------------------------------------------
     0 | D:1      | Conn the Octopode Assassin began the quest for the Orb.
     0 | D:1      | Reached XP level 1. HP: 14/14 MP: 1/1
    47 | D:1      | Reached XP level 2. HP: 16/19 MP: 2/2
   584 | D:1      | Reached XP level 3. HP: 25/25 MP: 3/3
  1005 | D:2      | Reached skill level 6 in Stealth
  1448 | D:3      | You fall into a shaft and drop 2 floors!
  1448 | D:5      | Entered Level 5 of the Dungeon
  1484 | D:5      | Reached XP level 4. HP: 17/30 MP: 4/4
  1526 | D:5      | Noticed a phantom
  1547 | D:5      | Reached skill level 1 in Shields
  1688 | D:5      | Reached XP level 5. HP: 33/35 MP: 5/5
  1954 | D:5      | Reached skill level 7 in Stealth
  2009 | D:5      | Reached XP level 6. HP: 17/42 MP: 6/6
  2185 | D:5      | Found a radiant altar of Vehumet,
  2317 | D:5      | Noticed a sky beast
  2329 | D:5      | Killed a sky beast
  2640 | D:5      | Killed a phantom
  2674 | D:4      | Noticed Sigmund
  2679 | D:4      | Killed Sigmund
  2679 | D:4      | Reached skill level 8 in Stealth
  2679 | D:4      | Reached XP level 7. HP: 16/46 MP: 7/7
  3060 | D:4      | Noticed Menkaure
  3070 | D:4      | Killed Menkaure
  3287 | D:4      | Reached XP level 8. HP: 48/54 MP: 8/8
  3414 | D:4      | Found Huumnizy's Serpentskin Sales,
  3435 | D:5      | Gained mutation: You are agile. (Dex +2) [potion of
                  | mutation]
  3435 | D:5      | Gained mutation: You are robust. (+10% HP) [potion of
                  | mutation]
  3438 | D:5      | Slain by a water moccasin

Levels and vault maps discovered:
D:1:      eino_arrival_water_star, layout_basic, minmay_shallow_snake_nest
D:2:      layout_basic, kennysheep_nondescript, serial_park_tiny_2
D:3:      layout_basic, nicolae_overflow_hidden_temple, due_unseen_surprise,
          uniq_robin
D:4:      layout_basic, kennysheep_mini_moat, minmay_temple_entry_large_hall,
          serial_shops, shop, first_ration, guppyfry_shop_venom, uniq_menkaure,
          uniq_sigmund
D:5:      minmay_general_purpose_star, layout_basic, lemuel_doored_altar

Skill      XL: |  1  2  3  4  5  6  7  8 |
---------------+-------------------------+-----
Stealth        | 6 7 8 |  8.4
Shields        | 1 2 3 |  3.5
Fighting       | 3 4 |  4.1
Dodging        | 2 3 |  3.4
Short Blades   | 3 4 |  4.7
Throwing       | |  2.9

Action                   |  1- 3 |  4- 6 |  7- 9 || total
-------------------------+-------+-------+-------++-------
Melee: Dagger            |    62 |     3 |       ||    65
       Constrict         |    16 |    15 |    19 ||    50
       Tentacles         |     8 |    19 |    16 ||    43
       Short sword       |       |    69 |    66 ||   135
Throw: Dart              |       |     7 |       ||     7
  Use: Potion            |       |     3 |     5 ||     8
 Stab: Sleeping          |     9 |     3 |       ||    12
       Distracted        |     1 |       |       ||     1
  Eat: Chunk             |     2 |     2 |     4 ||     8
Armor: Skin              |     6 |    16 |    20 ||    42
Dodge: Dodged            |    33 |    36 |    62 ||   131
Block: Other             |     5 |    10 |     9 ||    24

Table legend:
 A = Non-vault XP
 B = Vault XP
 C = Vault XP percentage of total XP
 D = Non-vault monster count
 E = Vault monster count
 F = Vault count percentage of total count
                 A         B        C        D         E       F
            +---------+---------+-------+---------+---------+-------
      Total |     905 |     535 |  37.2 |      64 |       7 |   9.9
            +---------+---------+-------+---------+---------+-------
        D:1 |      32 |       3 |   8.6 |      14 |       2 |  12.5
        D:2 |      13 |       0 |   0.0 |       9 |       0 |   0.0
        D:3 |       6 |       0 |   0.0 |       2 |       0 |   0.0
        D:4 |     316 |     513 |  61.9 |      18 |       3 |  14.3
        D:5 |     538 |      19 |   3.4 |      21 |       2 |   8.7
            +---------+---------+-------+---------+---------+-------
